 Dungeon Crawl Stone Soup version 0.28-a0-413-gde365fb1df (webtiles) character file.

Game seed: 1626767785310898571

3 chris0x the Firebug (level 1, -1/11 HPs)
             Began as a Vine Stalker Cinder Acolyte on Sept 7, 2021.
             Was a High Priest of Ignis.
             Slain by a quokka (2 damage)
             ... on level 1 of the Dungeon.
             The game lasted 00:00:41 (246 turns).

chris0x the Firebug (Vine Stalker Cinder Acolyte)    Turns: 246, Time: 00:00:42

Health: -1/11      AC:  2    Str: 16    XL:     1   Next: 50%
Magic:  0/3        EV: 11    Int: 14    God:    Ignis [*****.]
Gold:   0          SH:  0    Dex:  9    Spells: 2/2 levels left

rFire   + . .      SeeInvis .     - Unarmed
rCold   . . .      Faith    .   (no shield)
rNeg    . . .      Spirit   +   a - +0 robe
rPois   .          Reflect  .   (no helmet)
rElec   .          Harm     .   (no cloak)
rCorr   .          Rampage  .   (no gloves)
Will    .....                   (no boots)
Stlth   +.........              (no amulet)
HPRegen 0.03/turn               (no ring)
MPRegen 0.08/turn               (no ring)

@: no status effects
A: fangs 2, magic shield, antimagic bite, no potion heal 2
a: Renounce Religion, Sea of Fire, Foxfire Swarm, Rising Flame


You were on level 1 of the Dungeon.
You worshipped Ignis.
Ignis was extremely pleased with you.
You visited 1 branch of the dungeon, and saw 1 of its levels.

Inventory:

Armour
 a - a +0 robe (worn)


   Skills:
 + Level 2.7 Fighting
 + Level 0.0 Armour
 + Level 0.0 Dodging
 + Level 0.3 Stealth
 + Level 3.0 Unarmed Combat
 + Level 1.1 Spellcasting
 + Level 3.0 Fire Magic


You had 2 spell levels left.
You didn't know any spells.
Your spell library contained the following spells:

 Spells                   Type           Power      Damage    Failure   Level
 Scorch                   Fire           18%        2d6       11%         2


Dungeon Overview and Level Annotations

Branches:
Dungeon (1/15)

Altars:


Innate Abilities, Weirdness & Mutations

You have extremely sharp teeth.
When hurt, damage is shared between your health and your magic reserves.
Your bite disrupts and absorbs the magic of your enemies.
Potions cannot restore your health.


Message History

The goblin hits you but does no damage.
You barely miss the goblin. Your bite misses the goblin.
The goblin is heavily wounded.
The goblin closely misses you.
You miss the goblin.
The goblin is heavily wounded.
The goblin hits you with a +0 dagger.
You barely miss the goblin. Your bite misses the goblin.
The goblin is heavily wounded.
The goblin closely misses you.
You hit the goblin.
You kill the goblin!
Things that are here:
a +0 dagger; a rat corpse You start resting.
HP restored.
Things that are here:
a +0 dagger; a rat corpse A goblin comes into view.
It is wielding a +0 club.
You see here 16 sling bullets.
The goblin shouts!
You miss the quokka. Your bite misses the quokka.
The quokka closely misses you.
You closely miss the quokka. The quokka bites you.
You hit the quokka. You bite the quokka, but do no damage.
The quokka is severely wounded.
The quokka barely misses you.
You closely miss the quokka.
The quokka is severely wounded.
The quokka bites you.
You closely miss the quokka. You bite the quokka, but do no damage.
The quokka is severely wounded.
The quokka bites you.
You miss the quokka.
The quokka is severely wounded.
The quokka barely misses you. The quokka bites you.
* * * LOW HITPOINT WARNING * * *
The quokka bites you.
You die...

#.# ###.# ...#
#..# #..# #..#
##..#
#.######...#####
#......@.(..)..#
########r#.###.#
#g#.# ... #.#.#
.### #.#.. .#
#.### ## #.# #.#


You could see a quokka and a goblin.

Vanquished Creatures
  An endoplasm (D:1)
  A goblin (D:1)
  A rat (D:1)
3 creatures vanquished.

Notes
Turn   | Place    | Note
-------+----------+-------------------------------------------
     0 | D:1      | chris0x the Vine Stalker Cinder Acolyte began the quest for
                  | the Orb.
     0 | D:1      | Reached XP level 1. HP: 11/11 MP: 3/3
   246 | D:1      | Slain by a quokka

Illustrated notes

Levels and vault maps discovered:
D:1:      lightli_arrival_isolated_outpost, layout_loops_ring

Action                   || total
-------------------------++-------
Melee: Unarmed           ||    17
       Bite              ||     4
  Use: Scroll            ||     1
Armor: Robe              ||     1
Dodge: Dodged            ||     7

Table legend: (Time is in decaauts)
 A = Elapsed time spent in this place.
 B = Non-inter-level travel time spent in this place.
 C = Inter-level travel time spent in this place.
 D = Time resting spent in this place.
 E = Time spent auto-exploring this place.
 F = Levels seen in this place.
 G = Mean time per level.
                   A        B        C        D        E       F      G
               +--------+--------+--------+--------+--------+-----+--------+
         Total |    245 |    245 |      0 |    184 |     23 |   1 |  245.0 |
       Dungeon |    245 |    245 |      0 |    184 |     23 |   1 |  245.0 |
               +--------+--------+--------+--------+--------+-----+--------+

Top non-repeatable levels by time:
     D:1: 245 daAuts
